 Dungeon Crawl Stone Soup version 0.30-a0-618-gd6c86c23d0 (webtiles) character file.

Game seed: 17686881264562880039

118148 wormed the Alchemist (level 16, -2/110 HPs)
             Began as an Octopode Transmuter on Jan 9, 2023.
             Was an Initiate of Gozag.
             Killed from afar by a will-o-the-wisp (11 damage)
             ... with a foxfire
             ... on level 1 of the Swamp.
             The game lasted 00:31:57 (27324 turns).

wormed the Alchemist (Octopode Transmuter)         Turns: 27324, Time: 00:31:58

Health: -2/110     AC: 18    Str: 12    XL:     16   Next: 76%
Magic:  23/30      EV: 32    Int: 35    God:    Gozag
Gold:   3655       SH:  0    Dex: 20    Spells: 27/36 levels left

rFire   . . .      SeeInvis +      - Unarmed
rCold   + . .      Faith    .    (shield currently unavailable)
rNeg    . . .      Spirit   .    (helmet currently unavailable)
rPois   ∞          Reflect  .    D - amulet of Gietis {Acrobat rCorr Str-3 Int+7 SInv}
rElec   +          Harm     .    b - ring of protection from cold
rCorr   +          Rampage  .    h - +5 ring of evasion
Will    +....                    c - ring of poison resistance
Stlth   ++                       m - +4 ring of protection
HPRegen 0.38/turn                a - +6 ring of dexterity
MPRegen 0.22/turn                s - ring of wizardry
                                 y - +6 ring of intelligence
                                 H - +6 ring of strength

@: storm-form, wereblooded, corroded, gold aura, blinkbolt cooldown, flying
A: cleaving, insubstantial, flying, almost no armour, amphibious, 8 rings,
(camouflage 1), (gelatinous body 1), (nimble swimmer 1), (tentacles)
a: Blinkbolt, End Transformation, Renounce Religion, Potion Petition, Call
Merchant, Bribe Branch


You were on level 1 of the Swamp.
You worshipped Gozag.
Gozag was most pleased with you.
You were a lightning-filled tempest!
You visited 6 branches of the dungeon, and saw 26 of its levels.
You visited the Abyss 1 time.
You also visited: Bailey.

You collected 8304 gold pieces.
You paid 4649 gold pieces to Gozag.

Inventory:

Jewellery
 a - a +6 ring of dexterity (on tentacle)
 b - a ring of protection from cold (left tentacle)
 c - a ring of poison resistance (on tentacle)
 h - a +5 ring of evasion (right tentacle)
 m - a +4 ring of protection (on tentacle)
 s - a ring of wizardry (on tentacle)
 y - a +6 ring of intelligence (on tentacle)
 D - the amulet of Gietis (around neck) {Acrobat rCorr Str-3 Int+7 SInv}
   (You found it on level 5 of the Lair of Beasts)

   [amulet of the acrobat]

   It increases your evasion while moving and waiting.
   Str:       It affects your strength (-3).
   Int:       It affects your intelligence (+7).
   SInv:      It lets you see invisible.
   rCorr:     It protects you from acid and corrosion.
 H - a +6 ring of strength (on tentacle)
 N - an amulet of magic regeneration
Wands
 f - a wand of charming (13) (quivered)
 j - a wand of flame (78)
 n - a wand of iceblast (15)
 F - a wand of quicksilver (4)
 G - a wand of mindburst (9)
 L - a wand of polymorph (8)
Scrolls
 d - 7 scrolls of poison
 i - 5 scrolls of fear
 p - 7 scrolls of teleportation
 q - 2 scrolls of silence
 r - 3 scrolls of enchant armour
 t - 3 scrolls of torment
 w - 3 scrolls of vulnerability
 x - a scroll of fog
 A - 14 scrolls of identify
 E - 2 scrolls of brand weapon
 I - a scroll of enchant weapon
 J - 2 scrolls of blinking
 O - a scroll of amnesia
Potions
 e - 4 potions of invisibility
 g - a potion of ambrosia
 k - 5 potions of attraction
 l - 9 potions of flight
 o - a potion of berserk rage
 u - 5 potions of might
 v - 4 potions of mutation
 z - a potion of brilliance
 B - 3 potions of magic
 C - 5 potions of curing
 K - 2 potions of heal wounds
 M - 3 potions of haste
 P - 2 potions of resistance


   Skills:
 + Level 10.5 Fighting
 + Level 10.6 Dodging
 + Level 10.9 Unarmed Combat
 + Level 10.5 Spellcasting
 * Level 15.3 Transmutations
 - Level 4.0 Ice Magic
 * Level 14.7 Air Magic


You had 27 spell levels left.
You knew the following spells:

 Your Spells              Type           Power      Damage    Failure   Level
a - Storm Form            Tmut/Air       44%        N/A       1%          7
b - Wereblood             Tmut           90%        N/A       0%          2

Your spell library contained the following spells:

 Spells                   Type           Power      Damage    Failure   Level
 Beastly Appendage        Tmut           100%       N/A       0%          1
 Foxfire                  Conj/Fire      72%        2x1d7     1%          1
 Freeze                   Ice            100%       1d10      1%          1
 Kiss of Death            Conj/Necr      72%        2d10      1%          1
 Slow                     Hex            72%        N/A       1%          1
 Blink                    Tloc           36%        N/A       1%          2
 Ensorcelled Hibernation  Hex/Ice        64%        N/A       1%          2
 Frozen Ramparts          Ice            92%        1d14      1%          3
 Hailstorm                Conj/Ice       32%        3d8       1%          3
 Spider Form              Tmut/Pois      64%        N/A       1%          3
 Ice Form                 Ice/Tmut       72%        N/A       1%          4
 Blade Hands              Tmut           45%        N/A       1%          5
 Freezing Cloud           Conj/Ice/Air   29%        6-21      1%          5
 Irradiate                Conj/Tmut      32%        3d22      1%          5
 Silence                  Hex/Air        31%        N/A       1%          5
 Dragon Form              Tmut           45%        N/A       1%          7
 Call Canine Familiar     Summ           18%        N/A       2%          3
 Confusing Touch          Hex            18%        N/A       2%          3
 Dazzling Flash           Conj/Hex       36%        N/A       2%          3
 Portal Projectile        Hex/Tloc       36%        N/A       2%          3
 Stone Arrow              Conj/Erth      36%        3d9       2%          3
 Vampiric Draining        Necr           18%        2d7       2%          3
 Summon Ice Beast         Ice/Summ       32%        N/A       4%          4
 Anguish                  Hex/Necr       9%         N/A       10%         4
 Dispel Undead            Necr           18%        3d11      10%         4
 Leda's Liquefaction      Hex/Erth       9%         N/A       10%         4
 Manifold Assault         Tloc           18%        N/A       10%         4
 Agony                    Necr           18%        N/A       26%         5
 Fireball                 Conj/Fire      9%         3d6       26%         5
 Starburst                Conj/Fire      9%         6d5       78%         6
 Enfeeble                 Hex            9%         N/A       100%        7
 Lehudib's Crystal Spear  Conj/Erth      9%         10d4      100%        8
 Polar Vortex             Ice            23%        N/A       100%        9
 Animate Armour           Summ/Erth      Unusable   N/A       N/A         4
 Simulacrum               Ice/Necr       Unusable   N/A       N/A         6

Dungeon Overview and Level Annotations

Branches:
Dungeon (15/15)            Temple (1/1) D:6            Lair (5/5) D:10
  Swamp (1/4) Lair:2        Snake (2/4) Lair:2        Slime (0/5) Lair:4
    Orc (2/2) D:9             Elf (0/3) Orc:2        Vaults (0/5) D:14
 Depths (0/4) D:15         Bailey (visited)

Altars:
Ashenzari
Cheibriados
Dithmenos
Elyvilon
Fedhas
Gozag
Hepliaklqana
Kikubaaqudgha
Makhleb
Nemelex Xobeh
Okawaru
Qazlal
Ru
Sif Muna
Trog
Uskayaw
Vehumet
Wu Jian
Xom
Yredelemnul
Zin
The Shining One
Jiyva

Shops:
D:6 [   D:9 ?[   D:11 :   D:13 *!   D:14 =   Orc:2 *[=(?   Lair:1 :   Lair:2 ?
Snake:1 *   Snake:2 !!*

Portals:
Trove: D:15 (give 13 scrolls of teleportation)

Annotations:
D:10 3 runed translucent doors, sirJeffrey23's ghost, journeyman OgMo
Swamp:1 Frances


Innate Abilities, Weirdness & Mutations

You are a lightning-filled tempest!
Your electrical attacks strike out in all directions at once.
You are incredibly evasive.
Your insubstantial body is immune to petrification, constriction, and being set on fire You are flying.
You are immune to poison.
Your armour is entirely melded.
You are incapable of wielding weapons or throwing items.
You cannot wear most types of armour.
You are amphibious.
You can wear up to eight rings at the same time.
((Your skin changes colour to match your surroundings (Stealth+).))
((Your rubbery body absorbs attacks. (AC +1, EV +1)))
((You are camouflaged when in or above water. (Stealth+)))
((You have tentacles for arms and can constrict up to eight enemies at once.))


Message History

You buffet the smoke demon!
Lightning courses through the smoke demon!
You buffet the swamp worm!
You feel a bit better.
You kill the swamp worm!
Frances screams a word of power!
The iron shot misses you. The goliath frog misses you.
The will-o-the-wisp gestures.
The will-o-the-wisp conjures some foxfire!
The smoke demon gestures at you.
The ball of steam hits you! 2 foxfires come into view.
You hit Frances but do no damage.
Frances is almost dead.
You buffet the smoke demon!
You are engulfed in a cloud of scalding steam.
The foxfire hits you!
* * * LOW HITPOINT WARNING * * *
The foxfire hits you!
* * * LOW HITPOINT WARNING * * *
Frances screams a word of power!
The iron shot misses you. The goliath frog barely misses you.
The will-o-the-wisp gestures.
The will-o-the-wisp conjures some foxfire!
The smoke demon hits you but does no damage.
The smoke demon completely misses you.
The smoke demon hits you but does no damage. 2 foxfires come into view.
You batter Frances!!
Frances is almost dead.
You batter the smoke demon!!
Lightning courses through the smoke demon!!
You kill the smoke demon!
The smoke demon disappears in a puff of smoke!
You bellow as the wereblood boils in your veins!
You are engulfed in a cloud of scalding steam.
The foxfire hits you!
* * * LOW HITPOINT WARNING * * *
The foxfire hits you!
You die...
Your body crumbles into a pile of gold.

♣♣..♣ ♣♣~~.♣ .~ ♣.~.♣♣
♣♣~.♣.♣♣ .♣~.~~
♣♣~.~♣♣♣.(.♣..♣♣ ...§~.
♣.....~~..♣♣.$~♣♣♣.~.~.~
....~~~~~.♣♣♣~~...~~.~.♣
♣~....~~~.♣ ♣.~~$~♣~....
~~..♣.♣~~~♣ ♣.~..~~~.♣♣♣
~~.♣♣♣♣.♣.♣ ♣.~♣.§..~~..
♣§.♣ ♣~~~♣ ♣.§§vv§§§§♣
..♣♣ ♣.§♣♣ ♣♣.~@§v§.§~~
♣♣♣ ♣..♣ ♣.F♣~§§~... ♣
♣..♣ ♣.~..~..♣.. ♣♣ ♣..♣
♣♣. ~~.♣♣ . .♣ ...♣ ♣.
~~♣♣ ♣♣ ♣... ♣. ~.♣ ♣ ♣~
~♣♣ ♣


You could see Frances, a goliath frog and a will-o-the-wisp.

Vanquished Creatures
  Jorgrun (D:15)
  Rupert (Lair:3)
  Mlioglotl (Snake:2)
  Agnes (D:15)
  Louise (Snake:1)
  Aizul (Snake:1)
  A stone giant (D:15)
  Nessos (D:15)
  Azrael (D:15)
  Josephine (D:15)
  5 hydras
  An ogre mage (D:15)
  8 centaur warriors
  2 anacondas (Snake:2)
  3 catoblepae (Lair:5)
  7 two-headed ogres
  2 boulder beetles
  17 death yaks
  2 naga warriors
  Erica (Orc:1)
  2 naga sharpshooters
  An alligator (Swamp:1)
  2 tengu warriors (D:15)
  6 orc high priests
  3 shock serpents
  2 salamander mystics
  Sonja (Lair:3)
  3 skeletal warriors (D:12)
  A naga ritualist (Snake:2)
  7 orc knights
  A necromancer (Lair:3)
  2 mana vipers (Snake:2)
  7 ugly things
  4 deep elf pyromancers
  8 manticores
  9 salamanders
  7 cyclopes
  4 elephants (Lair:4)
  3 guardian serpents
  An ice statue (Lair:5)
  5 naga magi
  13 black mambas
  A torpor snail (Lair:2)
  7 cane toads
  Maggie (D:7)
  2 gargoyles
  11 komodo dragons
  A kobold demonologist (D:6)
  A komodo dragon (shapeshifter) (D:15)
  2 efreet (D:15)
  A rime drake (Lair:2)
  An ice devil (Lair:5)
  A freezing wraith (D:15)
  6 polar bears
  3 meliai (D:15)
  5 trolls
  19 blink frogs
  5 slime creatures (D:12)
  6 wyverns
  5 wraiths (D:15)
  54 yaks
  Grum (D:8)
  8 basilisks
  4 fire elementals (D:15)
  8 vampire mosquitoes
  15 humans (D:14)
  Menkaure (D:6)
  3 swamp worms
  16 nagas
  An acid dragon (D:13)
  4 hell hounds (D:15)
  11 water moccasins
  3 black bears
  27 orc warriors
  3 sky beasts
  4 ice beasts
  8 ogres
  11 wolves
  3 centaurs
  10 kobold brigands
  9 bullfrogs
  3 scorpions
  19 wights
  18 killer bees
  3 electric eels (Lair:3)
  3 howler monkeys (D:11)
  A crimson imp (D:4)
  A jelly (D:5)
  3 hounds
  22 orc priests
  Crazy Yiuf (D:3)
  5 iguanas
  7 orc wizards
  A polar bear simulacrum (Lair:3)
  2 yak simulacra (Lair:3)
  4 wolf simulacra (Lair:3)
  A boggart simulacrum (D:14)
  10 gnolls
  12 adders
  A shadow imp (D:6)
  A white imp (Lair:5)
  2 ufetubi
  2 worms
  3 dart slugs
  58 orcs
  An endoplasm (D:1)
  5 giant cockroaches
  10 goblins
  8 hobgoblins
  4 jackals (D:4)
  29 kobolds
  3 quokkas
  7 ball pythons
  7 bats
  3 frilled lizards
  5 rats
  4 river rat simulacra (Lair:3)
  A bush (D:13)
702 creatures vanquished.

Vanquished Creatures (collateral kills)
  An orc warrior (Bailey)
  3 kobold brigands (Bailey)
4 creatures vanquished.

Vanquished Creatures (others)
  A two-headed ogre (D:14)
  2 orc knights (Bailey)
  A human (D:14)
  An orc warrior (Orc:2)
  5 foxfires (Swamp:1)
  11 fungi
  29 plants
50 creatures vanquished.

Grand Total: 756 creatures vanquished

Notes
Turn   | Place    | Note
-------+----------+-------------------------------------------
     0 | D:1      | wormed the Octopode Transmuter began the quest for the Orb.
     0 | D:1      | Reached XP level 1. HP: 13/13 MP: 3/3
   155 | D:1      | Reached XP level 2. HP: 18/18 MP: 3/5
   258 | D:1      | Reached skill level 1 in Ice Magic
   417 | D:1      | Reached XP level 3. HP: 21/23 MP: 4/6
  1115 | D:2      | Reached XP level 4. HP: 24/28 MP: 6/8
  1124 | D:2      | Reached skill level 3 in Transmutations
  1127 | D:2      | Learned a level 2 spell: Wereblood
  1132 | D:2      | Learned a level 4 spell: Ice Form
  1733 | D:2      | Reached XP level 5. HP: 24/33 MP: 7/9
  2156 | D:3      | Noticed an ogre
  2170 | D:3      | Killed an ogre
  2171 | D:3      | Reached XP level 6. HP: 24/38 MP: 2/11
  2598 | D:3      | Found a runed translucent door.
  2599 | D:3      | Noticed Crazy Yiuf
  2910 | D:3      | Killed Crazy Yiuf
  2911 | D:3      | Reached skill level 4 in Transmutations
  3314 | D:4      | Found an ornate altar of the Wu Jian Council.
  3346 | D:4      | Found a sparkling altar of Nemelex Xobeh.
  3481 | D:4      | Identified the +3 falchion "Reik" {elec, MP+9 Int+4}
  3885 | D:4      | Found a shimmering altar of Xom.
  3885 | D:4      | Found a burning altar of Makhleb.
  3896 | D:4      | Reached XP level 7. HP: 43/43 MP: 9/13
  3948 | D:4      | Learned a level 7 spell: Storm Form
  3973 | D:5      | Entered Level 5 of the Dungeon
  4059 | D:5      | Found a snail-covered altar of Cheibriados.
  4078 | D:5      | Reached skill level 1 in Air Magic
  4222 | D:5      | Reached skill level 5 in Transmutations
  4342 | D:5      | Reached XP level 8. HP: 33/50 MP: 9/14
  4933 | D:6      | Found a staircase to the Ecumenical Temple.
  4941 | Temple   | Entered the Ecumenical Temple
  5114 | Temple   | Became a worshipper of Gozag Ym Sagoz the Greedy
  5555 | D:6      | Reached skill level 6 in Transmutations
  5631 | D:6      | Found Leuresot's Antique Armour Boutique.
  5693 | D:6      | Found a stormy altar of Qazlal.
  5732 | D:6      | Reached skill level 5 in Spellcasting
  5732 | D:6      | Reached XP level 9. HP: 47/55 MP: 11/16
  5822 | D:6      | Noticed a kobold demonologist
  5840 | D:6      | Noticed a sixfirhy
  5840 | D:6      | Killed a kobold demonologist
  6253 | D:6      | Noticed Menkaure
  6266 | D:6      | Killed Menkaure
  6267 | D:6      | Reached skill level 5 in Air Magic
  6417 | D:7      | Identified the +9 trident of a Gauntlet {venom, rPois rF+}
  6455 | D:7      | Reached skill level 7 in Transmutations
  6586 | D:7      | Found a shadowy altar of Dithmenos.
  6783 | D:7      | Noticed Maggie
  6808 | D:7      | Killed Maggie
  6809 | D:7      | Reached skill level 5 in Unarmed Combat
  7267 | D:8      | Reached XP level 10. HP: 63/63 MP: 11/18
  7485 | D:8      | Noticed Grum
  7489 | D:8      | Identified the +1 leather armour "Tilet" {-Tele Int+9}
  7677 | D:8      | Killed Grum
  8323 | D:9      | Reached skill level 8 in Transmutations
  8372 | D:9      | Found a hazy altar of Hepliaklqana.
  8491 | D:9      | Reached skill level 5 in Dodging
  8492 | D:9      | Found a staircase to the Orcish Mines.
  8492 | D:9      | Found Pohuciro's Armour Boutique.
  9157 | D:9      | Found the +8 trident of the Octopus King {venom, rElec
                  | rPois}
  9338 | D:9      | Reached skill level 5 in Fighting
  9345 | D:9      | Reached XP level 11. HP: 71/71 MP: 15/20
  9400 | D:10     | Entered Level 10 of the Dungeon
  9400 | D:10     | Found a staircase to the Lair.
  9428 | D:10     | Reached skill level 9 in Transmutations
  9559 | D:10     | Found a flagged portal.
  9569 | Bailey   | Entered a bailey
  9679 | Bailey   | Identified the +5 broad axe "Yxovagho" {heavy, Will+ MP-9
                  | Dex+2}
  9688 | Bailey   | Noticed an orc knight
  9688 | Bailey   | Noticed an orc knight
  9832 | Bailey   | Found a bloodstained altar of Trog.
  9844 | Bailey   | Identified the +1 leather armour "Avver" {+Blink rElec
                  | Dex-4 SInv}
 10356 | D:10     | Noticed a two-headed ogre
 10365 | D:10     | Killed a two-headed ogre
 10505 | D:10     | Found a runed translucent gate.
 10505 | D:10     | Found a runed translucent gate.
 10505 | D:10     | Found a runed translucent gate.
 10626 | D:10     | Noticed sirJeffrey23's ghost (journeyman OgMo)
 10804 | D:11     | Noticed a two-headed ogre
 10947 | D:11     | Noticed a manticore
 10958 | D:11     | Killed a manticore
 11103 | D:11     | Found Qabbi's Vocational Training.
 11197 | D:11     | Killed a two-headed ogre
 11510 | Lair:1   | Entered Level 1 of the Lair of Beasts
 12003 | Lair:1   | Reached skill level 10 in Transmutations
 12107 | Lair:1   | Reached XP level 12. HP: 75/79 MP: 22/22
 13379 | Lair:2   | Found a staircase to the Snake Pit.
 13895 | Lair:2   | Noticed a death yak
 13896 | Lair:2   | Noticed a death yak
 13897 | Lair:2   | Noticed a death yak
 13904 | Lair:2   | Noticed a death yak
 14204 | Lair:2   | Noticed a death yak
 14210 | Lair:2   | Noticed a death yak
 14217 | Lair:2   | Killed a death yak
 14231 | Lair:2   | Killed a death yak
 14233 | Lair:2   | Killed a death yak
 14239 | Lair:2   | Killed a death yak
 14242 | Lair:2   | Killed a death yak
 14243 | Lair:2   | Reached skill level 11 in Transmutations
 14243 | Lair:2   | Reached skill level 10 in Air Magic
 14253 | Lair:2   | Killed a death yak
 14597 | Lair:2   | Found a staircase to the Swamp.
 14792 | Lair:3   | Noticed Rupert
 14848 | Lair:3   | Killed Rupert
 14849 | Lair:3   | Reached XP level 13. HP: 67/86 MP: 11/25
 15110 | Lair:3   | Noticed Sonja
 15119 | Lair:3   | Killed Sonja
 16040 | Lair:4   | Found a staircase to the Slime Pits.
 16040 | Lair:4   | Found a viscous altar of Jiyva.
 16128 | Lair:4   | Reached skill level 12 in Transmutations
 16542 | Lair:5   | Entered Level 5 of the Lair of Beasts
 16600 | Lair:5   | Reached XP level 14. HP: 53/94 MP: 26/26
 17366 | Lair:5   | Reached skill level 13 in Transmutations
 17416 | Lair:5   | Identified the amulet of Gietis {Acrobat rCorr Str-3 Int+7
                  | SInv}
 18413 | D:12     | Identified the +3 chain mail "Ruetic" {Str+3}
 19257 | D:13     | Identified the +0 ring mail of Prudence {Str-3 Int+2 Dex+9
                  | Stlth+}
 19887 | D:13     | Reached XP level 15. HP: 97/101 MP: 20/28
 20021 | D:14     | Found a gate to the Vaults.
 20893 | D:14     | Found an ornate altar of the Wu Jian Council.
 21042 | D:15     | Entered Level 15 of the Dungeon
 21050 | D:15     | Reached skill level 14 in Transmutations
 21060 | D:15     | Noticed Nessos
 21065 | D:15     | Killed Nessos
 21066 | D:15     | Reached skill level 10 in Unarmed Combat
 21134 | D:15     | Noticed Josephine
 21140 | D:15     | Killed Josephine
 21417 | D:15     | Found a portal to a secret trove of treasure.
 21463 | D:15     | Found a staircase to the Depths.
 21547 | D:15     | Noticed Agnes
 21561 | D:15     | Killed Agnes
 21900 | D:15     | Noticed Jorgrun
 21912 | D:15     | Killed Jorgrun
 22138 | D:15     | Noticed Azrael
 22151 | D:15     | Reached skill level 10 in Spellcasting
 22155 | D:15     | Killed Azrael
 22199 | D:15     | Found a glowing golden altar of the Shining One.
 22407 | Orc:1    | Entered Level 1 of the Orcish Mines
 22549 | Orc:2    | Entered Level 2 of the Orcish Mines
 22630 | Orc:2    | Reached skill level 10 in Dodging
 23246 | Orc:2    | Found Utwew's General Store.
 23426 | Orc:2    | Found a staircase to the Elven Halls.
 23481 | Orc:2    | Reached XP level 16. HP: 108/109 MP: 27/30
 23772 | Orc:2    | Reached skill level 10 in Fighting
 23784 | Orc:2    | Found Fadghao's Magic Scroll Shoppe.
 23784 | Orc:2    | Found Ymoniryp's Antique Armour Shoppe.
 23803 | Orc:2    | Found Nuorry's Weapon Emporium.
 23803 | Orc:2    | Found Xypsail's Jewellery Shoppe.
 23947 | Orc:1    | Noticed Erica
 23957 | Orc:1    | Killed Erica
 24401 | Snake:1  | Entered Level 1 of the Snake Pit
 24424 | Snake:1  | Noticed Aizul
 24428 | Snake:1  | Noticed Louise
 24435 | Snake:1  | Killed Aizul
 24437 | Abyss:3  | Cast into level 3 of the Abyss (Louise)
 24461 | Snake:1  | Escaped the Abyss
 24467 | Snake:1  | Killed Louise
 24477 | Snake:1  | Reached skill level 15 in Transmutations
 24869 | Snake:1  | Found Zarghipn's Overcharged Wands.
 25729 | Snake:2  | Found Systogh's General Store.
 25731 | Snake:2  | Found Foap's Distillery.
 25733 | Snake:2  | Found Putesyij's Distillery.
 26591 | Snake:2  | Noticed Mlioglotl
 26606 | Snake:2  | Killed Mlioglotl
 27206 | Swamp:1  | Entered Level 1 of the Swamp
 27309 | Swamp:1  | Noticed Frances
 27324 | Swamp:1  | Killed from afar by a will-o-the-wisp

Illustrated notes

Levels and vault maps discovered:
D:1:      scummos_arrival_simple_fountains, layout_loops_cross,
          minmay_misc_feat_cross
D:2:      layout_loops_ring
D:3:      layout_basic, uniq_crazy_yiuf_cottage
D:4:      layout_basic, grunt_temple_overflow_champion_of_chaos,
          mainiacjoe_overflow_large_starburst
D:5:      layout_cave_pools, cheibriados_altar_1, minmay_misc_feat_doors,
          minmay_misc_feat_iff, kennysheep_generic_room_11
D:6:      layout_basic, grunt_qazlal_clouds, minmay_temple_entry_mini_moons,
          serial_shops, shop_statue, corexii_item_surrounded_by_moat,
          uniq_menkaure
D:7:      layout_basic, lemuel_crystal_altar, uniq_maggie
D:8:      layout_basic, uniq_grum
D:9:      layout_gridville, lemuel_crystal_altar, orc_david_3
D:10:     layout_small_grid, lair_entry_dummy, gammafunk_ghost_necromancy,
          enter_bailey_3
D:11:     layout_small_grid, nicolae_shop_vocational
D:12:     layout_roguey
D:13:     layout_roguey, chequers_mini_garden, minmay_hedge_maze
D:14:     layout_loops_ring, david_vaults_3, lemuel_round_altar
D:15:     grunt_enter_depths_snipers, layout_rooms,
          nicolae_tso_swordbearing_angel, nicolae_trove_entry_isolated,
          uniq_josephine, uniq_nessos, uniq_azrael, uniq_agnes, uniq_jorgrun
Temple:   minmay_temple_curvy_branch
Lair:1:   layout_chaotic_city, chequers_serial_rivers_small_b,
          chequers_serial_rivers_micro_d, hibernation_bobbens
Lair:2:   layout_roguey, minmay_swamp_entry_worms, guppyfry_snake_entry_island
Lair:3:   layout_chaotic_city, eino_house_with_fridge, grunt_megastairs_2,
          serial_bayou_shore_a, uniq_rupert, uniq_sonja
Lair:4:   layout_big_grid, slime_entry_1
Lair:5:   evilmike_catoblepas_cave, layout_regular_city,
          grunt_forest_small_clearings, nicolae_lair_grove_arrangements,
          ice2_lemuel
Swamp:1:  layout_falls_marsh, serial_swamp_ruin, hangedman_swamp_ruin_wall,
          evilmike_swamp_ruin_rubble_2, uniq_frances
Snake:1:  layout_layer_cave, nicolae_shop_overcharged_wands, uniq_louise,
          uniq_aizul
Snake:2:  kennysheep_six_static_rooms, layout_rooms, minmay_shop_star,
          uniq_mlioglotl
Orc:1:    layout_diamond_mine, uniq_erica
Orc:2:    st_orc_pillars, layout_diamond_mine, serial_shops,
          nicolae_shop_hallway_stairs

Skill      XL: |  1  2  3  4  5  6  7  8  9 10 11 12 13 14 15 16 |
---------------+-------------------------------------------------+-----
Ice Magic      | 1 2 3 4 |  4.0
Transmutations | 3 4 5 6 7 8 10 11 12 13 14 15 | 15.3
Spellcasting   | 3 4 5 6 7 8 9 10 | 10.5
Air Magic      | 2 4 5 7 8 10 11 12 13 14 | 14.7
Fighting       | 2 4 5 6 7 8 9 10 | 10.5
Dodging        | 3 4 5 6 7 8 9 10 | 10.6
Unarmed Combat | 4 5 6 7 8 9 10 | 10.9

Action                   |  1- 3 |  4- 6 |  7- 9 | 10-12 | 13-15 | 16-18 || total
-------------------------+-------+-------+-------+-------+-------+-------++-------
Melee: Unarmed           |    64 |   141 |   254 |   653 |   599 |   206 ||  1917
       Constrict         |    20 |    16 |       |     5 |     3 |       ||    44
       Kick              |    18 |    24 |       |       |       |       ||    42
       Tentacles         |    12 |    11 |     1 |     9 |     8 |     3 ||    44
       Punch             |     2 |     2 |       |     6 |    42 |    16 ||    68
 Cast: Beastly Appendage |    23 |    14 |       |       |       |       ||    37
       Wereblood         |       |    11 |    14 |    43 |    47 |    17 ||   132
       Ice Form          |       |    14 |    25 |    43 |       |       ||    82
       Storm Form        |       |       |       |     4 |    54 |    17 ||    75
Invok: Call Merchant     |       |       |       |     3 |     3 |       ||     6
 Abil: Blinkbolt         |       |       |       |       |     1 |     3 ||     4
Evoke: Wand              |       |       |       |    14 |       |       ||    14
  Use: Scroll            |     2 |     4 |     6 |    14 |     5 |       ||    31
       Potion            |       |     3 |     6 |     7 |     1 |     1 ||    18
 Stab: Sleeping          |     4 |     4 |       |       |       |       ||     8
       Distracted        |       |       |       |     7 |     6 |     4 ||    17
       Petrified         |       |       |       |       |     4 |       ||     4
       Petrifying        |       |       |       |       |     1 |       ||     1
Armor: Skin              |     4 |    18 |    86 |   128 |   118 |    46 ||   400
Dodge: Dodged            |    36 |    92 |   179 |   487 |   624 |   240 ||  1658

Table legend: (Time is in decaauts)
 A = Elapsed time spent in this place.
 B = Non-inter-level travel time spent in this place.
 C = Inter-level travel time spent in this place.
 D = Time resting spent in this place.
 E = Time spent auto-exploring this place.
 F = Levels seen in this place.
 G = Mean time per level.
                   A        B        C        D        E       F      G
               +--------+--------+--------+--------+--------+-----+--------+
         Total |  27106 |  25321 |   1785 |    136 |  21212 |  28 |  968.1 |
       Dungeon |  15547 |  14462 |   1085 |     35 |  12139 |  15 | 1036.5 |
        Temple |    450 |    409 |     41 |      0 |    359 |   1 |  450.0 |
          Lair |   6450 |   6120 |    330 |     46 |   5050 |   5 | 1290.0 |
         Swamp |    115 |    115 |      0 |      0 |     91 |   1 |  115.0 |
     Snake Pit |   2444 |   2306 |    138 |      0 |   2044 |   2 | 1222.0 |
  Orcish Mines |   1710 |   1521 |    189 |      0 |   1306 |   2 |  855.0 |
         Abyss |     23 |     23 |      0 |      0 |     12 |   1 |   23.0 |
        Bailey |    365 |    365 |      0 |     54 |    210 |   1 |  365.0 |
               +--------+--------+--------+--------+--------+-----+--------+

Top non-repeatable levels by time:
  Lair:1: 1796 daAuts
  Lair:2: 1646 daAuts
   Orc:2: 1439 daAuts
 Snake:1: 1274 daAuts
  Lair:5: 1262 daAuts
    D:15: 1242 daAuts
  Lair:3: 1211 daAuts
     D:2: 1173 daAuts
    D:13: 1171 daAuts
 Snake:2: 1170 daAuts
    D:10: 1146 daAuts
    D:14: 1120 daAuts
    D:12: 1118 daAuts
     D:9: 1112 daAuts
     D:8: 1021 daAuts
